 Dungeon Crawl Stone Soup version 0.27.1 (webtiles) character file.

Game seed: 6321980516283527884

31 Malachi the Sneak (level 3, -1/24 HPs)
             Began as a Vampire Enchanter on Aug 24, 2021.
             Succumbed to an adder's poison
             ... on level 2 of the Dungeon.
             The game lasted 00:01:38 (823 turns).

Malachi the Sneak (Vampire Enchanter)                Turns: 823, Time: 00:01:39

Health: -1/24      AC:  2    Str:  7    XL:     3   Next: 7%
Magic:  2/6        EV: 12    Int: 18    God:
Gold:   25         SH:  0    Dex: 14    Spells: 3/6 levels left

rFire    . . .     SeeInvis +   a - +1 dagger
rCold    . . .     Faith    .   (no shield)
rNeg     . . .     Spirit   .   b - +0 robe
rPois    .         Reflect  .   (no helmet)
rElec    .         Harm     .   (no cloak)
rCorr    .         Rampage  .   (no gloves)
Will     .....                  (no boots)
Stlth    +++.......             (no amulet)
HPRegen  0.28/turn              (no ring)
MPRegen  0.10/turn              (no ring)

@: lethally poisoned (-1 -> -6), healing quickly
A: alive, fangs 3, see invisible, vampiric 2
a: Exsanguinate


You were on level 2 of the Dungeon.
You visited 1 branch of the dungeon, and saw 2 of its levels.

You collected 25 gold pieces.

Inventory:

Hand Weapons
 a - a +1 dagger (weapon)
Armour
 b - a +0 robe (worn)
 f - a +0 buckler
Scrolls
 g - a scroll of torment {unknown}
Potions
 c - a potion of curing {unknown}
 d - 2 potions of attraction {unknown}
 e - 2 potions of lignification {unknown}


   Skills:
 - Level 1.1 Short Blades
 - Level 2.1 Dodging
 * Level 5.8 Stealth
 - Level 2.0 Spellcasting
 * Level 4.8 Hexes
 * Level 0.9 Ice Magic


You had 3 spell levels left.
You knew the following spells:

 Your Spells              Type           Power      Damage    Failure   Level
a - Corona                Hex            21%        N/A       2%          1
b - Ensorcelled Hibernat  Hex/Ice        24%        N/A       9%          2

Your spell library contained the following spells:

 Spells                   Type           Power      Damage    Failure   Level
 Confusing Touch          Hex            19%        N/A       8%          3
 Tukima's Dance           Hex            19%        N/A       8%          3
 Dazzling Flash           Conj/Hex       20%        N/A       21%         3
 Ozocubu's Armour         Ice            5%         N/A       36%         3
 Metabolic Englaciation   Hex/Ice        6%         N/A       83%         5
 Simulacrum               Ice/Necr       1%         N/A       100%        6


Dungeon Overview and Level Annotations

Branches:
Dungeon (2/15)

Altars:


Innate Abilities, Weirdness & Mutations

Your natural rate of healing is accelerated.
You have razor-sharp teeth.
You have supernaturally acute eyesight. (SInv)
You are afflicted with vampirism and can become a bat while bloodless.


Message History

The bat hits you but does no damage. The adder bites you.
You miss the adder. The bat closely misses you. The adder closely misses you.
You closely miss the adder. The bat closely misses you.
The adder completely misses you. The bat misses you.
The adder barely misses you.
You miss the adder. The bat hits you but does no damage. The adder bites you.
You miss the adder. The bat closely misses you. The adder barely misses you.
You barely miss the adder. The bat hits you. The adder misses you.
The bat hits you.
You hit the adder.
The adder is lightly wounded.
The bat barely misses you. The bat hits you but does no damage.
The adder bites you but does no damage.
You hit the adder.
The adder is moderately wounded.
The bat hits you but does no damage. The adder bites you. x2
* * * LOW HITPOINT WARNING * * *
The bat hits you.
* * * LOW HITPOINT WARNING * * *
The bat hits you.
* * * LOW HITPOINT WARNING * * *
The bat closely misses you. The bat hits you but does no damage.
The adder misses you. The bat barely misses you.
The bat hits you but does no damage. 2 jackals come into view.
The bat hits you but does no damage.
A jackal comes into view.
The bat closely misses you.
You completely miss the bat. You bite the bat.
The bat is severely wounded.
The bat hits you.
* * * LOW HITPOINT WARNING * * *
The bat hits you but does no damage.
The jackal bites you but does no damage.
The adder bites you.
* * * LOW HITPOINT WARNING * * *
You are lethally poisoned!
The adder poisons you!
You die...

≈. #≈.≈###§.# #.###### ≈.≈
#§.≈# #≈.# #......#
§.≈###≈.≈###≈.####......#
≈≈≈.≈≈≈§≈.≈≈≈§≈...........#
...§.§§.........#.###.....#
≈≈≈.≈≈≈§≈.≈≈≈≈§...# #.....#
#≈.§###≈.≈###≈...###.###.#
#≈.≈# #≈.≈# #b.....(.# .#
##≈?§###≈.≈###≈.@..##.# .
≈§≈.§≈≈≈≈.≈§§§§..#.##.. #
....§§.....§§§S.h#.####
≈§§§§§≈≈≈.≈§§§≈......h
##§.≈###≈.§###≈.##h...
#≈.≈# #≈.≈# #≈.......#
#≈.≈# #≈.≈# #≈.###...#
§≈≈.≈≈≈≈≈.≈§≈≈≈.# ###
.....§..........#


You could see an adder, a jackal and a bat.

Vanquished Creatures
  An adder (D:2)
  2 dart slugs (D:1)
  4 endoplasms
  A goblin (D:1)
  A quokka (D:1)
  3 bats
  2 frilled lizards
  A kobold (D:1)
  5 rats (D:1)
20 creatures vanquished.

Notes
Turn   | Place    | Note
-------+----------+-------------------------------------------
     0 | D:1      | Malachi the Vampire Enchanter began the quest for the Orb.
     0 | D:1      | Reached XP level 1. HP: 13/13 MP: 3/3
    64 | D:1      | Reached skill level 5 in Stealth
   125 | D:1      | Reached XP level 2. HP: 14/19 MP: 3/5
   148 | D:1      | Learned a level 2 spell: Ensorcelled Hibernation
   231 | D:1      | Found a faded altar of an unknown god.
   797 | D:2      | Gained mutation: You are afflicted with vampirism and can
                  | become a bat while bloodless. [Vampire growth]
   797 | D:2      | Reached XP level 3. HP: 24/24 MP: 1/6
   822 | D:2      | HP: 1/24 [adder (5)]
   823 | D:2      | Succumbed to an adder's poison

Illustrated notes

Levels and vault maps discovered:
D:1:      minmay_arrival_glassed_features, layout_basic,
          hellmonk_ecumenical_altar_blasted
D:2:      layout_loops_cross, kennysheep_boxes

Skill      XL: |  1 |
---------------+----+-----
Stealth        | 5 |  5.8
Short Blades   | |  1.1
Dodging        | |  2.1
Spellcasting   | |  2.0
Hexes          | |  4.8
Ice Magic      | |  0.9

Action                   || total
-------------------------++-------
Melee: Dagger            ||    64
       Bite              ||     7
 Cast: Corona            ||     1
       Ensorcelled Hiber ||     3
 Stab: Sleeping          ||     8
Armor: Robe              ||    24
Dodge: Dodged            ||    53
